 Dungeon Crawl Stone Soup version 0.18-a0-1689-g473dde0 (webtiles) character file.

719 Oddball22 the Cutter (level 7, -1/37 HPs)
             Began as a Vine Stalker Assassin on Apr 5, 2016.
             Was an Initiate of Dithmenos.
             Slain by Geomchi's ghost (3 damage)
             ... on level 5 of the Dungeon.
             The game lasted 00:10:52 (3860 turns).

Oddball22 the Cutter (Vine Stalker Assassin)        Turns: 3860, Time: 00:10:53

Health: -1/37      AC:  3    Str: 14    XL:     7   Next: 70%
Magic:  0/8        EV: 14    Int: 11    God:    Dithmenos [......]
Gold:   261        SH:  0    Dex: 17    Spells: 0 memorised, 6 levels left

rFire  . . .     SeeInvis .     A - +1 mace (holy)
rCold  . . .     Gourm    .     c - +0 robe
rNeg   . . .     Faith    .     (no shield)
rPois  .         Spirit   +     (no helmet)
rElec  .         Dismiss  .     d - +0 cloak
rCorr  .         Reflect  .     (no gloves)
SustAt .         Harm     .     (no boots)
MR     .....                    (no amulet)
Stlth  +++.......               (no ring)
                                (no ring)

@: not resistant to hostile enchantments, fairly stealthy
A: fangs 2, regeneration 2, magic shield, antimagic bite, no device heal 3, rot
immunity
a: Renounce Religion


You were on level 5 of the Dungeon.
You worshipped Dithmenos.
Dithmenos was noncommittal.
You were hungry.

You visited 2 branches of the dungeon, and saw 6 of its levels.
You also visited: Sewer.

You collected 261 gold pieces.

Inventory:

Hand Weapons
 b - a +0 blowgun
 A - a +1 mace of holy wrath (weapon)
 F - a +4 dagger
Missiles
 e - 26 poisoned needles
 f - 2 curare-tipped needles
 s - 10 bolts
Armour
 c - a +0 robe (worn)
 d - a +0 cloak (worn)
Wands
 D - a wand of confusion (12/48)
Scrolls
 l - 2 scrolls of enchant armour {unknown}
 n - a scroll of remove curse {unknown}
 o - a scroll of amnesia {unknown}
 u - a scroll of recharging {unknown}
 w - a scroll of fog {unknown}
 G - a scroll of enchant weapon {unknown}
 H - a scroll of noise {unknown}
Potions
 i - 2 potions of flight
 k - 2 potions of curing {unknown}
 p - 2 potions of invisibility {unknown}
 q - a potion of cure mutation
 r - 3 potions of ambrosia {unknown}
 v - 4 potions of might {unknown}
 z - a potion of brilliance
 B - a potion of mutation {unknown}
 C - a potion of heal wounds {unknown}
 E - a potion of haste {unknown}
Books
 y - a book of the Warp

   Spells                             Type                      Level
   a - Recall                         Summoning/Translocation      3
   b - Gell's Gravitas                Hexes/Translocation          3
   c - Force Lance                    Conjuration/Translocation    4
   d - Warp Weapon                    Charms/Translocation         5
   e - Summon Forest                  Summoning/Translocation      5
Comestibles
 g - 5 bread rations
 j - 3 meat rations
 t - a beef jerky
 x - a slice of pizza


   Skills:
 + Level 4.0 Fighting
 * Level 5.5 Short Blades
 - Level 1.7 Throwing
 + Level 3.3 Dodging
 - Level 4.8 Stealth


You had 6 spell levels left.
You didn't know any spells.

Dungeon Overview and Level Annotations

Branches:
Dungeon (5/15)             Temple (1/1) D:4

Altars:
Cheibriados
Dithmenos
Fedhas
Gozag
Kikubaaqudgha
Makhleb
Nemelex Xobeh
Okawaru
Pakellas
Qazlal
Trog
The Shining One

Shops:
D:4 =

Annotations:
D:4 Robin
D:5 Geomchi's ghost, amateur VSSu


Innate Abilities, Weirdness & Mutations

You have extremely sharp teeth.
You heal very quickly.
When hurt, damage is shared between your health and your magic reserves.
Your bite disrupts and absorbs the magic of your enemies.
Potions and wands cannot restore your health.
You are immune to rotting.


Message History

You barely miss Geomchi's ghost.
Geomchi's ghost is severely damaged.
The white imp hits you. The white imp freezes you. Geomchi's ghost hits you.
The white imp gestures at you. The puff of frost hits you!
Geomchi's ghost misses you.
You closely miss Geomchi's ghost.
Geomchi's ghost is severely damaged.
The white imp hits you. The white imp freezes you.
* * * LOW HITPOINT WARNING * * *
Geomchi's ghost hits you.
* * * LOW HITPOINT WARNING * * *
You closely miss Geomchi's ghost.
You bite Geomchi's ghost, but do no damage.
Geomchi's ghost is severely damaged.
The white imp hits you.
* * * LOW HITPOINT WARNING * * *
The white imp freezes you.
* * * LOW HITPOINT WARNING * * *
Geomchi's ghost hits you.
You die...

. ....... #########
....... #.......#
....... #.......#
....... ####r......#
........##.@Wr......#
..........5##r......#
.......######...<...#
........#####.......#
........W.......#####
................#
..>.............#
.⌠..............#
_...............#


You could see Geomchi's ghost, 2 river rats, a white imp and a quokka.

Vanquished Creatures
  The ghost of urm the Ruffian, a novice NaTm (D:4)
  A crocodile (Sewer)
  A crimson imp (D:3)
  A giant frog zombie (D:3)
  An orc priest (D:4)
  A centaur skeleton (D:4)
  An orc wizard (D:4)
  A worker ant (D:4)
  A gnoll (D:1)
  2 adders
  An adder skeleton (D:4)
  7 worms
  4 dart slugs
  2 giant geckos
  7 orcs
  A ball python (D:1)
  7 giant cockroaches
  13 goblins
  5 hobgoblins
  9 jackals
  11 kobolds
  2 quokkas
  9 bats
  A giant gecko skeleton (D:4)
  5 giant newts
  8 rats
103 creatures vanquished.

Notes
Turn   | Place    | Note
--------------------------------------------------------------
     0 | D:1      | Oddball22 the Vine Stalker Assassin began the quest for the Orb.
     0 | D:1      | Reached XP level 1. HP: 11/11 MP: 2/2
     6 | D:1      | Noticed a black mamba
     6 | D:1      | Noticed a redback
     6 | D:1      | Noticed a komodo dragon
     7 | D:1      | Noticed a black bear
     7 | D:1      | Noticed a swamp drake
    98 | D:1      | Reached skill level 2 in Short Blades
   191 | D:1      | Reached skill level 1 in Dodging
   191 | D:1      | Reached XP level 2. HP: 15/15 MP: 3/3
   512 | D:1      | Reached XP level 3. HP: 18/18 MP: 2/4
  1119 | D:2      | Found a snail-covered altar of Cheibriados.
  1177 | D:2      | Reached skill level 3 in Short Blades
  1236 | D:2      | Reached XP level 4. HP: 18/23 MP: 5/5
  1245 | D:2      | Found an ancient bone altar of Kikubaaqudgha.
  1730 | D:3      | Reached XP level 5. HP: 27/27 MP: 6/6
  1966 | D:3      | Found an iron altar of Okawaru.
  2444 | D:3      | Found a glowing drain.
  2449 | Sewer    | Entered a sewer
  2510 | Sewer    | Noticed a crocodile
  2538 | Sewer    | Killed a crocodile
  2538 | Sewer    | Reached skill level 4 in Short Blades
  2538 | Sewer    | Gained mutation: You heal very quickly. [Vine Stalker growth]
  2538 | Sewer    | Reached XP level 6. HP: 4/32 MP: 2/7
  2767 | D:4      | Found a blossoming altar of Fedhas.
  2871 | D:4      | Noticed Robin
  2999 | D:4      | Found a stormy altar of Qazlal.
  3032 | D:4      | Found a staircase to the Ecumenical Temple.
  3074 | Temple   | Entered the Ecumenical Temple
  3150 | Temple   | Became a worshipper of Dithmenos the Shadowed
  3191 | D:4      | Noticed urm's ghost (novice NaTm)
  3397 | D:4      | Found a glowing golden altar of the Shining One.
  3423 | D:4      | Found Gitorof's Jewellery Boutique.
  3538 | D:4      | Killed urm's ghost
  3538 | D:4      | Reached skill level 5 in Short Blades
  3538 | D:4      | Reached XP level 7. HP: 16/37 MP: 3/8
  3819 | D:5      | Entered Level 5 of the Dungeon
  3834 | D:5      | Found a sparkling altar of Nemelex Xobeh.
  3835 | D:5      | Noticed Geomchi's ghost (amateur VSSu)
  3860 | D:5      | Slain by Geomchi's ghost

Vault maps used:
D:1:      onia_arrival_zoo_common
D:2:      lemuel_crystal_altar, cheibriados_altar_1, hangedman_glass_teeth
D:3:      portal_sewer_entry_e, first_bread, kennysheep_okawaru_gauntlet
D:4:      lemuel_upstairs_altar, overflow_temple_1_default, lemuel_doored_altar,
          tso_oasis_becter, temple_fountains, serial_shops, shop, uniq_robin
D:5:      grunt_temple_overflow_order_and_chaos_1,
          nemelex_xobeh_ov_fountains_minmay, dk_vineyard_1, uniq_blork_the_orc,
          uniq_menkaure
Temple:   nicolae_temple_figure_zero
Sewer:    sewer_the_crocodile

Skill      XL: |  1  2  3  4  5  6 |
---------------+-------------------+-----
Short Blades   | 2 3 4 5 |  5.5
Fighting       | 2 3 4 |  4.0
Dodging        | 1 2 3 |  3.3
Throwing       | |  1.7
Stealth        | |  4.8

Action                   |  1- 3 |  4- 6 |  7- 9 || total
-------------------------+-------+-------+-------++-------
Melee: Dagger            |    95 |   218 |    10 ||   323
       Mace              |       |    22 |     7 ||    29
 Fire: Blowgun           |       |    13 |       ||    13
Evoke: Wand              |       |     4 |       ||     4
  Use: Scroll            |       |     4 |       ||     4
 Stab: Sleeping          |    10 |    14 |       ||    24
       Distracted        |       |     1 |       ||     1
       Confused          |       |     5 |       ||     5
  Eat: Chunk             |     1 |     7 |     1 ||     9
